 Dungeon Crawl Stone Soup version 0.28-a0-1227-ga9037bb4c8 (webtiles) character file.

Game seed: 2837679411563887772

4 wakim the Gusty (level 1, -10/10 HPs)
             Began as a Tengu Air Elementalist on Dec 22, 2021.
             Mangled by a kobold (14 damage)
             ... on level 1 of the Dungeon.
             The game lasted 00:01:40 (225 turns).

wakim the Gusty (Tengu Air Elementalist)             Turns: 225, Time: 00:01:41

Health: -10/10     AC:  2    Str:  8    XL:     1   Next: 60%
Magic:  0/4        EV: 12    Int: 15    God:
Gold:   0          SH:  0    Dex: 14    Spells: 3/4 levels left

rFire   . . .      SeeInvis .   (no weapon)
rCold   . . .      Faith    .   (no shield)
rNeg    . . .      Spirit   .   a - +0 robe
rPois   .          Reflect  .   (helmet restricted)
rElec   .          Harm     .   (no cloak)
rCorr   .          Rampage  .   (no gloves)
Will    .....                   (boots unavailable)
Stlth   ++........              (no amulet)
HPRegen 0.03/turn               (no ring)
MPRegen 0.09/turn               (no ring)

@: no status effects
A: beak, talons 3
a: no special abilities


You were on level 1 of the Dungeon.
You visited 1 branch of the dungeon, and saw 1 of its levels.

Inventory:

Armour
 a - a +0 robe (worn)
Scrolls
 b - a scroll of amnesia {unknown}
 c - a scroll of identify {unknown}


   Skills:
 - Level 2.1 Dodging
 - Level 2.0 Stealth
 + Level 2.0 Spellcasting
 + Level 1.6 Conjurations
 * Level 4.2 Air Magic


You had 3 spell levels left.
You knew the following spells:

 Your Spells              Type           Power      Damage    Failure   Level
a - Shock                 Conj/Air       40%        1d5       7%          1

Your spell library contained the following spells:

 Spells                   Type           Power      Damage    Failure   Level
 Static Discharge         Conj/Air       10%        N/A       10%         2
 Swiftness                Air            14%        N/A       12%         3
 Airstrike                Air            7%         N/A       36%         4


Dungeon Overview and Level Annotations

Branches:
Dungeon (1/15)

Altars:


Innate Abilities, Weirdness & Mutations

You have a beak for a mouth.
You have claws for feet.


Message History

The kobold is moderately wounded.
The kobold throws a stone.
The stone completely misses you.
You miscast Shock.
You are very lightly contaminated with residual magic.
Nothing appears to happen.
The kobold throws a stone.
The stone closely misses you.
The zap hits the kobold.
The kobold is heavily wounded.
You are too depleted to draw on your mana recklessly!
Your magical contamination has completely faded away.
The kobold throws a stone.
The stone misses you.
The zap hits the kobold.
The kobold is severely wounded.
The zap misses the kobold.
The kobold throws a stone.
The stone closely misses you. The kobold closely misses you.
The kobold barely misses you. The kobold closely misses you.
The kobold hits you with a +1 dagger of electrocution.
You are too depleted to draw on your mana recklessly!
The kobold throws a stone.
The stone barely misses you.
The zap misses the kobold.
The kobold throws a stone.
The stone misses you. The kobold barely misses you.
You barely miss the kobold. Your peck misses the kobold.
The kobold is severely wounded.
The kobold closely misses you.
You miss the kobold. Your kick misses the kobold.
You peck the kobold, but do no damage.
The kobold is severely wounded.
The kobold closely misses you.
You closely miss the kobold. You peck the kobold, but do no damage.
The kobold is severely wounded.
The kobold barely misses you.
You closely miss the kobold.
The kobold is severely wounded.
The kobold hits you with a +1 dagger of electrocution.
* * * LOW HITPOINT WARNING * * *
You are electrocuted!
Ouch! That really hurt!
You die...

...# #. ..# #.# #.#
#.# #K# #.# #.# #.#
#.# #.# #.#
#.###############.#
#...†.......@K....#
#..################
#..# #..####
#.....# ##.##.#
#.##.# #.##.#
###.##.#


You could see a kobold.

Vanquished Creatures
  2 hobgoblins (D:1)
  A frilled lizard (D:1)
  A rat (D:1)
4 creatures vanquished.

Notes
Turn   | Place    | Note
-------+----------+-------------------------------------------
     0 | D:1      | wakim the Tengu Air Elementalist began the quest for the
                  | Orb.
     0 | D:1      | Reached XP level 1. HP: 10/10 MP: 4/4
   225 | D:1      | Mangled by a kobold

Illustrated notes

Levels and vault maps discovered:
D:1:      co_arrival_random_square_maze, layout_loops_ring,
          shapermc_ecumenical_altar_gd

Action                   || total
-------------------------++-------
Melee: Unarmed           ||     7
       Peck              ||     3
       Kick              ||     1
 Cast: Shock             ||     9
Dodge: Dodged            ||    16

Table legend: (Time is in decaauts)
 A = Elapsed time spent in this place.
 B = Non-inter-level travel time spent in this place.
 C = Inter-level travel time spent in this place.
 D = Time resting spent in this place.
 E = Time spent auto-exploring this place.
 F = Levels seen in this place.
 G = Mean time per level.
                   A        B        C        D        E       F      G
               +--------+--------+--------+--------+--------+-----+--------+
         Total |    225 |    225 |      0 |      0 |      0 |   1 |  225.0 |
       Dungeon |    225 |    225 |      0 |      0 |      0 |   1 |  225.0 |
               +--------+--------+--------+--------+--------+-----+--------+

Top non-repeatable levels by time:
     D:1: 225 daAuts
